 Seeded DCSS version 0.28.0-53-g5a82cb258f (webtiles) character file.

Game seed: 54891 (custom seed)

345 xaos the Chopper (level 6, -1/46 HPs)
             Began as a Human Wanderer on May 21, 2022.
             Was a Believer of Kikubaaqudgha.
             Slain by a sky beast (5 damage)
             ... on level 5 of the Dungeon on May 22, 2022.
             The game lasted 00:18:00 (7128 turns).

xaos the Chopper (Human Wanderer)                   Turns: 7128, Time: 00:18:00

Health: -1/46      AC:  9    Str: 19    XL:     6   Next: 89%
Magic:  6/6        EV: 10    Int:  8    God:    Kikubaaqudgha [**....]
Gold:   135        SH:  7    Dex: 18    Spells: 5/5 levels left

rFire   x . .      SeeInvis .   a - +0 hand axe
rCold   + . .      Faith    .   b - +2 buckler
rNeg    . . .      Spirit   .   j - +0 scale mail
rPois   .          Reflect  .   (no helmet)
rElec   .          Harm     .   k - +1 cloak
rCorr   .          Rampage  .   (no gloves)
Will    .....                   (no boots)
Stlth   +.........              (no amulet)
HPRegen 0.15/turn               l - +6 ring of dexterity
MPRegen 0.10/turn               p - ring of ice

@: no status effects
A: no striking features
a: Renounce Religion, Receive Corpses


You were on level 5 of the Dungeon.
You worshipped Kikubaaqudgha.
Kikubaaqudgha was pleased with you.
You visited 1 branch of the dungeon, and saw 5 of its levels.

You collected 135 gold pieces.

Inventory:

Hand Weapons
 a - a +0 hand axe (weapon)
 f - a +2 antimagic dagger
Missiles
 i - 45 sling bullets
Armour
 b - a +2 buckler (worn)
 j - a +0 scale mail (worn)
 k - a +1 cloak (worn)
Magical Staves
 q - a staff of death
Jewellery
 l - a +6 ring of dexterity (left hand)
 p - a ring of ice (right hand)
Scrolls
 c - a scroll of brand weapon {unknown}
 d - 2 scrolls of fear {unknown}
 e - 2 scrolls of enchant weapon {unknown}
 g - 3 scrolls of identify {unknown}
 h - a scroll of torment {unknown}
 n - a scroll of vulnerability {unknown}
 o - a scroll of amnesia {unknown}
 r - 2 scrolls of immolation {unknown}
 u - a scroll of enchant armour {unknown}
Potions
 m - a potion of invisibility
 t - a potion of heal wounds {unknown}


   Skills:
 + Level 2.9 Fighting
 + Level 4.1 Axes
 + Level 3.2 Armour
 + Level 1.8 Dodging
 + Level 1.3 Stealth
 + Level 3.9 Shields
 + Level 1.0 Evocations


You had 5 spell levels left.
You didn't know any spells.
Your spell library contained the following spells:

 Spells                   Type           Power      Damage    Failure   Level
 Animate Skeleton         Necr           0%         N/A       86%         1
 Pain                     Necr           0%         1d4       86%         1
 Vampiric Draining        Necr           0%         2d6       99%         3
 Agony                    Necr           0%         N/A       100%        5


Dungeon Overview and Level Annotations

Branches:
Dungeon (5/15)
 Temple: D:4-7

Altars:
Dithmenos
Kikubaaqudgha
Qazlal


Message History

Aim: a sky beast (51% to hit)
You throw a curare-tipped dart.
The curare-tipped dart barely misses the sky beast.
Unknown command.
Unknown command.
The sky beast hits you but does no damage.
You hit the sky beast.
The sky beast is lightly wounded.
The sky beast barely misses you.
You hit the sky beast.
The sky beast is moderately wounded.
The sky beast hits you but does no damage.
The sky beast hits you. The sky beast shocks you.
You hit the sky beast.
The sky beast is moderately wounded.
The sky beast barely misses you.
You hit the sky beast.
The sky beast is heavily wounded.
The sky beast flickers out of sight!
Deactivating autopickup; reactivate with Ctrl-A.
Something hits you. Something shocks you.
You hit something but do no damage. Something hits you but does no damage.
You miss something. You block something's attack.
You hit something. Something hits you but does no damage.
You closely miss something. Something hits you but does no damage.
You closely miss something. Something hits you. Something shocks you.
Something hits you but does no damage.
You closely miss something. Something hits you. Something shocks you.
You hit something. Something hits you but does no damage.
You closely miss something. Something hits you but does no damage.
You completely miss something. Something hits you but does no damage.
You hit something. You block something's attack.
You miss something. Something hits you. Something shocks you.
* * * LOW HITPOINT WARNING * * *
You hit something but do no damage. Something hits you but does no damage.
Something hits you.
* * * LOW HITPOINT WARNING * * *
Something shocks you.
You die...
Kikubaaqudgha rasps: "You have failed me!
Welcome... death!"

#<......#
#.#.....#
#......
##g#.....#
.....
...#######
..(.. ####
#...# #...#
#...# #.{.#
#.@.#
#...######
#.........
#####
##.#.#####
......#####.#.#
#.........#
#.#.#####.# #
#.# .# ... .


There were no monsters in sight!

Vanquished Creatures
  An ogre (D:4)
  A scorpion (D:4)
  Jessica (D:3)
  A hound skeleton (D:4)
  A howler monkey skeleton (D:4)
  9 adders
  An adder skeleton (D:4)
  A dart slug (D:3)
  An orc (D:3)
  7 ball pythons
  6 bats
  6 endoplasms
  3 goblins (D:1)
  10 hobgoblins
  4 jackals
  2 quokkas
  4 frilled lizards
  9 kobolds
  6 rats
74 creatures vanquished.

Vanquished Creatures (others)
  4 fungi (D:1)
  4 plants (D:1)
8 creatures vanquished.

Grand Total: 82 creatures vanquished

Notes
Turn   | Place    | Note
-------+----------+-------------------------------------------
     0 | D:1      | xaos the Human Wanderer began the quest for the Orb.
     0 | D:1      | xaos set off with the following items: a +0 hand axe, a +2
                  | buckler, a +0 ring mail
     0 | D:1      | Reached XP level 1. HP: 16/16 MP: 1/1
   500 | D:1      | Reached XP level 2. HP: 19/22 MP: 2/2
  1173 | D:1      | Reached XP level 3. HP: 27/27 MP: 3/3
  1967 | D:1      | Found a faded altar of an unknown god.
  1974 | D:1      | Prayed at the altar of an unknown god.
  1974 | D:1      | Became a worshipper of Kikubaaqudgha
  1974 | D:1      | Reached * piety under Kikubaaqudgha
  1974 | D:1      | Received a gift from Kikubaaqudgha
  2726 | D:2      | Reached XP level 4. HP: 23/33 MP: 4/4
  3739 | D:3      | Reached skill level 3 in Axes
  3942 | D:3      | Found a shadowy altar of Dithmenos.
  4042 | D:3      | Noticed Jessica
  4071 | D:3      | Killed Jessica
  4072 | D:3      | Reached skill level 1 in Dodging
  4072 | D:3      | Reached XP level 5. HP: 30/39 MP: 5/5
  4970 | D:4      | Reached ** piety under Kikubaaqudgha
  5712 | D:4      | Noticed an ogre
  5719 | D:4      | Killed an ogre
  5720 | D:4      | Reached XP level 6. HP: 21/46 MP: 6/6
  6406 | D:4      | Found a stormy altar of Qazlal.
  6662 | D:5      | Entered Level 5 of the Dungeon
  6691 | D:5      | Noticed a black bear
  6708 | D:5      | Reached skill level 4 in Axes
  7108 | D:5      | Noticed a sky beast
  7128 | D:5      | Slain by a sky beast

Illustrated notes

Levels and vault maps discovered:
D:1:      tarquinn_simple_flora_water_c, layout_basic,
          shapermc_ecumenical_altar_mp_urbaneastern
D:2:      layout_basic, chequers_serial_rivers_large_b
D:3:      layout_loops_ring, nicolae_dithmenos_shadow_blocks,
          minmay_misc_feat_plants, ebering_dispersal_statue_hall, st_stairs_11,
          nrook_mini_vaults, uniq_jessica
D:4:      layout_rooms, lemuel_doored_altar, serial_co_window_serial,
          co_window_paths_b, co_window_of_opportunity_a, co_window_corner_a,
          co_window_cross_1, co_window_cross_1, co_window_unsneaky_path_c,
          co_window_corner_b, co_window_broadway_a, co_window_corner_ca,
          co_window_unsneaky_path_b, co_window_corner_cb, co_window_broadway_c,
          co_window_paths_e, co_window_sun, glass_columns_c, glass_columns_b
D:5:      layout_basic, minivault_19, kennysheep_decorative_pillar

Skill      XL: |  1  2  3  4  5  6 |
---------------+-------------------+-----
Armour         | 2 3 |  3.2
Axes           | 3 4 |  4.1
Dodging        | 1 |  1.8
Fighting       | |  2.9
Stealth        | |  1.3
Shields        | |  3.9
Evocations     | |  1.0

Action                   |  1- 3 |  4- 6 || total
-------------------------+-------+-------++-------
Melee: Hand axe          |   144 |   226 ||   370
Throw: Dart              |       |     3 ||     3
Armor: Ring mail         |    32 |       ||    32
       Scale mail        |    17 |    92 ||   109
Dodge: Dodged            |    65 |   101 ||   166
Block: Buckler           |    51 |    76 ||   127
